[ AOE2 MATCH · #481900382 ]
Team RMCumans vs Cumans
[ REPLAY ANALYSIS · EXTRACTED FROM THE RECORDED GAME ]
Feudal
9:22
Castle
—
Imperial
—
| APM avg | 35.6 |
| APM peak | 66 |
| eAPM avg | 12.1 |
| Villagers / military | 59 / 12 |
Focus
⚔️ 14.5% · 🌾 85.5%
Scout Cavalry ×12
Feudal
10:28
Castle
17:51
Imperial
—
| APM avg | 42.0 |
| APM peak | 85 |
| eAPM avg | 15.2 |
| Villagers / military | 54 / 42 |
Focus
⚔️ 12.9% · 🌾 87.1%
Archer ×42
Feudal
10:41
Castle
14:21
Imperial
—
| APM avg | 24.9 |
| APM peak | 63 |
| eAPM avg | 11.0 |
| Villagers / military | 57 / 6 |
Focus
⚔️ 21.3% · 🌾 78.7%
Knight ×4 · Monk ×2
Feudal
11:01
Castle
15:53
Imperial
—
| APM avg | 57.1 |
| APM peak | 118 |
| eAPM avg | 23.0 |
| Villagers / military | 37 / 7 |
Focus
⚔️ 22.5% · 🌾 77.5%
Unknown (1949) ×9 · Mangonel ×4 · Petard ×3
Feudal
11:16
Castle
—
Imperial
—
| APM avg | 25.7 |
| APM peak | 59 |
| eAPM avg | 13.1 |
| Villagers / military | 38 / 30 |
Focus
⚔️ 38.7% · 🌾 61.3%
Scout Cavalry ×27 · Spearman ×3
Feudal
9:26
Castle
—
Imperial
—
| APM avg | 40.5 |
| APM peak | 76 |
| eAPM avg | 16.8 |
| Villagers / military | 49 / 47 |
Focus
⚔️ 29.7% · 🌾 70.3%
Archer ×34 · Spearman ×7 · Militia ×6
Feudal
9:03
Castle
21:43
Imperial
—
| APM avg | 28.4 |
| APM peak | 68 |
| eAPM avg | 16.2 |
| Villagers / military | 73 / 20 |
Focus
⚔️ 16.2% · 🌾 83.8%
Steppe Lancer ×20
Feudal
11:32
Castle
15:18
Imperial
—
| APM avg | 35.3 |
| APM peak | 85 |
| eAPM avg | 17.6 |
| Villagers / military | 73 / 10 |
Focus
⚔️ 14.5% · 🌾 85.5%
Knight ×9 · Spearman ×1
Match map
Initial resources + every placement click. Lines = walls · curves = elevation contours. ◆ gold · ⬟ stone · ● berries · ✦ relic · ◌ wall gap
Your base· Open — 2t gap
跟我玩过的都说我菜's base· ✓ Closed at 17:51 · 6t walls · 1 gate(s)
凱瑞Kary's base· ✓ Closed at 14:21 · 6t walls · 1 gate(s)
ACI La Más Feudal's base· ✓ Closed at 15:53 · 11t walls · 1 gate(s)
洛阳一根棍's base· ✓ Closed at 12:00 · 5t walls · 1 gate(s)
PeterPan's base· ✓ Closed at 23:39 · 0t walls · 2 gate(s)
NoSleep's base· ✓ Closed at 21:43 · 4t walls · 5 gate(s)
Shintoras's base· ✓ Closed at 15:18 · 14t walls · 1 gate(s)
Smoothed initial terrain · ◌ = detected wall gap · hover for details
Inputs per minute
— yo_ChuckDeezy - - 跟我玩过的都说我菜
Build order — yo_ChuckDeezy
142 actions detected in the replay
| 0:01 | Create | Villager (Male) |
| 0:02 | Create | Villager (Male) |
| 0:03 | Build | House |
| 0:05 | Build | House |
| 0:06 | Create | Villager (Male) |
| 0:06 | Create | Villager (Male) |
| 1:26 | Create | Villager (Male) |
| 1:57 | Build | Lumber Camp |
| 1:59 | Create | Villager (Male) |
| 2:14 | Create | Villager (Male) |
| 2:53 | Create | Villager (Male) |
| 3:11 | Create | Villager (Male) |
| 3:43 | Create | Villager (Male) |
| 3:43 | Create | Villager (Male) |
| 3:57 | Build | House |
| 4:37 | Build | House |
| 4:40 | Create | Villager (Male) |
| 4:41 | Create | Villager (Male) |
| 4:41 | Create | Villager (Male) |
| 5:02 | Create | Villager (Male) |
| 5:14 | Build | Mill |
| 5:26 | Create | Villager (Male) |
| 6:41 | Create | Villager (Male) |
| 6:47 | Research | Loom |
| 7:12 | Research | Feudal Age |
| 7:57 | Create | Villager (Male) |
| 9:22 | Age | Feudal Age |
| 9:26 | Build | Town Center |
| 9:40 | Create | Villager (Male) |
| 10:10 | Create | Villager (Male) |
| 10:17 | Build | House |
| 10:34 | Create | Villager (Male) |
| 10:45 | Build | House |
| 11:17 | Build | Barracks |
| 11:27 | Create | Villager (Male) |
| 11:40 | Create | Villager (Male) |
| 11:45 | Research | Double-Bit Axe |
| 11:47 | Research | Horse Collar |
| 11:47 | Create | Villager (Male) |
| 11:57 | Create | Villager (Male) |
| 12:13 | Create | Villager (Male) |
| 12:13 | Create | Villager (Male) |
| 12:27 | Build | Stable |
| 12:40 | Create | Villager (Male) |
| 12:54 | Create | Villager (Male) |
| 12:55 | Create | Villager (Male) |
| 12:55 | Create | Villager (Male) |
| 12:58 | Build | Blacksmith |
| 13:24 | Create | Scout Cavalry |
| 13:32 | Build | Farm |
| 13:34 | Create | Villager (Male) |
| 13:37 | Build | Farm |
| 13:39 | Build | Farm |
| 13:46 | Build | Farm |
| 13:47 | Research | Scale Barding Armor |
| 13:48 | Create | Villager (Male) |
| 13:49 | Create | Scout Cavalry |
| 14:00 | Create | Scout Cavalry |
| 14:01 | Create | Villager (Male) |
| 14:04 | Build | Farm |
| 14:07 | Build | Farm |
| 14:11 | Build | Farm |
| 14:16 | Build | Farm |
| 14:17 | Build | Farm |
| 14:18 | Build | Farm |
| 14:31 | Build | Farm |
| 14:34 | Build | Farm |
| 14:35 | Create | Villager (Male) |
| 14:35 | Create | Villager (Male) |
| 14:40 | Build | Farm |
| 14:42 | Build | House |
| 14:46 | Build | House |
| 14:48 | Create | Villager (Male) |
| 14:54 | Create | Scout Cavalry |
| 15:12 | Build | House |
| 15:13 | Build | House |
| 15:18 | Create | Villager (Male) |
| 15:18 | Create | Villager (Male) |
| 15:25 | Build | Farm |
| 15:30 | Build | Farm |
| 15:32 | Build | Farm |
| 15:33 | Create | Villager (Male) |
| 15:51 | Create | Scout Cavalry |
| 15:54 | Create | Villager (Male) |
| 16:04 | Research | Forging |
| 16:10 | Build | House |
| 16:22 | Create | Villager (Male) |
| 16:22 | Create | Villager (Male) |
| 16:31 | Create | Scout Cavalry |
| 17:29 | Create | Villager (Male) |
| 17:29 | Create | Villager (Male) |
| 17:46 | Research | Bloodlines |
| 17:49 | Build | House |
| 17:56 | Build | Farm |
| 17:57 | Build | Farm |
| 17:58 | Build | Farm |
| 17:59 | Build | Farm |
| 18:00 | Build | Farm |
| 18:01 | Build | Farm |
| 18:02 | Build | Farm |
| 18:05 | Build | Farm |
| 18:05 | Create | Villager (Male) |
| 18:08 | Create | Villager (Male) |
| 18:29 | Create | Villager (Male) |
| 18:32 | Build | Farm |
| 18:35 | Build | House |
| 18:37 | Create | Scout Cavalry |
| 18:52 | Create | Villager (Male) |
| 18:52 | Create | Villager (Male) |
| 18:52 | Create | Villager (Male) |
| 18:56 | Research | Wheelbarrow |
| 18:59 | Build | Farm |
| 19:04 | Build | Farm |
| 19:09 | Build | House |
| 19:11 | Create | Scout Cavalry |
| 20:07 | Build | House |
| 20:09 | Create | Scout Cavalry |
| 20:18 | Create | Scout Cavalry |
| 20:22 | Create | Villager (Male) |
| 20:28 | Create | Villager (Male) |
| 20:28 | Create | Villager (Male) |
| 20:32 | Build | House |
| 20:40 | Build | Mill |
| 20:42 | Build | Farm |
| 20:48 | Build | Farm |
| 20:49 | Build | Farm |
| 20:50 | Build | Farm |
| 20:51 | Build | Farm |
| 20:53 | Create | Villager (Male) |
| 21:00 | Build | Farm |
| 21:02 | Build | Farm |
| 21:06 | Create | Scout Cavalry |
| 21:08 | Build | House |
| 22:01 | Create | Villager (Male) |
| 22:13 | Build | House |
| 22:15 | Build | House |
| 22:18 | Research | Castle Age |
| 22:20 | Create | Scout Cavalry |
| 23:28 | Build | Stable |
| 23:33 | Create | Villager (Male) |
| 23:34 | Create | Villager (Male) |
| 23:35 | Create | Villager (Male) |
Build order — 跟我玩过的都说我菜
119 actions detected in the replay
| 0:03 | Create | Villager (Male) |
| 0:03 | Create | Villager (Male) |
| 0:04 | Create | Villager (Male) |
| 0:05 | Build | House |
| 0:06 | Build | House |
| 0:26 | Create | Villager (Male) |
| 0:26 | Create | Villager (Male) |
| 1:32 | Create | Villager (Male) |
| 1:32 | Create | Villager (Male) |
| 2:00 | Build | Lumber Camp |
| 2:12 | Create | Villager (Male) |
| 2:12 | Create | Villager (Male) |
| 2:36 | Create | Villager (Male) |
| 2:36 | Create | Villager (Male) |
| 3:00 | Create | Villager (Male) |
| 3:00 | Create | Villager (Male) |
| 3:01 | Create | Villager (Male) |
| 3:24 | Create | Villager (Male) |
| 3:24 | Create | Villager (Male) |
| 3:24 | Create | Villager (Male) |
| 4:01 | Build | House |
| 4:08 | Create | Villager (Male) |
| 4:09 | Create | Villager (Male) |
| 4:09 | Create | Villager (Male) |
| 4:09 | Create | Villager (Male) |
| 4:44 | Create | Villager (Male) |
| 4:44 | Create | Villager (Male) |
| 4:52 | Build | Palisade Gate |
| 5:15 | Create | Villager (Male) |
| 5:30 | Build | House |
| 5:35 | Build | Palisade Wall |
| 5:54 | Create | Villager (Male) |
| 6:25 | Create | Villager (Male) |
| 6:33 | Create | Villager (Male) |
| 6:49 | Build | Mill |
| 7:07 | Create | Villager (Male) |
| 7:18 | Create | Villager (Male) |
| 7:40 | Build | Mining Camp |
| 8:08 | Research | Feudal Age |
| 10:14 | Build | Barracks |
| 10:21 | Create | Villager (Male) |
| 10:27 | Create | Villager (Male) |
| 10:27 | Create | Villager (Male) |
| 10:28 | Age | Feudal Age |
| 10:39 | Build | Blacksmith |
| 11:06 | Create | Villager (Male) |
| 11:16 | Research | Loom |
| 11:18 | Build | House |
| 11:28 | Build | Archery Range |
| 12:03 | Create | Villager (Male) |
| 12:04 | Create | Villager (Male) |
| 12:04 | Create | Villager (Male) |
| 13:06 | Build | Archery Range |
| 13:14 | Create | Archer |
| 13:14 | Create | Archer |
| 13:15 | Create | Archer |
| 13:22 | Build | House |
| 13:22 | Build | House |
| 13:28 | Create | Villager (Male) |
| 13:52 | Build | Palisade Wall |
| 14:11 | Create | Villager (Male) |
| 14:35 | Build | Farm |
| 14:36 | Build | Farm |
| 14:37 | Build | Farm |
| 14:56 | Create | Archer |
| 14:56 | Create | Archer |
| 15:11 | Research | Castle Age |
| 15:29 | Create | Archer |
| 15:30 | Create | Archer |
| 16:31 | Create | Archer ×2 |
| 16:31 | Create | Archer ×2 |
| 16:37 | Research | Fletching |
| 16:45 | Build | Farm |
| 16:46 | Research | Double-Bit Axe |
| 17:30 | Create | Archer |
| 17:30 | Create | Archer |
| 17:48 | Create | Villager (Male) |
| 17:51 | Age | Castle Age |
| 17:54 | Build | Town Center |
| 18:05 | Create | Villager (Male) |
| 18:05 | Create | Villager (Male) |
| 18:15 | Build | Town Center |
| 18:54 | Create | Villager (Male) |
| 19:16 | Create | Villager (Male) |
| 19:20 | Build | Farm |
| 19:20 | Build | Farm |
| 19:20 | Build | Farm |
| 19:21 | Build | Farm |
| 19:21 | Build | Farm |
| 19:25 | Build | Farm |
| 19:40 | Create | Archer ×5 |
| 19:40 | Create | Archer ×5 |
| 19:47 | Build | House |
| 19:49 | Build | House |
| 20:05 | Create | Villager (Male) |
| 20:11 | Build | Farm |
| 20:39 | Create | Villager (Male) |
| 20:41 | Create | Villager (Male) |
| 20:46 | Build | Farm |
| 20:48 | Build | Farm |
| 20:53 | Create | Villager (Male) |
| 20:57 | Build | Farm |
| 21:05 | Create | Villager (Male) |
| 21:07 | Build | Farm |
| 21:34 | Research | Crossbowman (upgrade) |
| 22:36 | Create | Archer ×5 |
| 22:36 | Create | Archer ×5 |
| 22:50 | Research | Thumb Ring |
| 22:53 | Create | Villager (Male) |
| 22:54 | Create | Villager (Male) |
| 23:28 | Create | Archer ×3 |
| 23:28 | Create | Archer ×3 |
| 23:28 | Create | Archer ×3 |
| 23:34 | Build | Farm |
| 23:35 | Create | Villager (Male) |
| 23:36 | Create | Villager (Male) |
| 23:37 | Create | Villager (Male) |
| 23:37 | Create | Villager (Male) |
| 24:02 | Research | Padded Archer Armor |
Build order — 凱瑞Kary
118 actions detected in the replay
| 0:01 | Create | Villager (Male) |
| 0:01 | Create | Villager (Male) |
| 0:01 | Create | Villager (Male) |
| 0:02 | Build | House |
| 0:03 | Build | House |
| 0:17 | Create | Villager (Male) |
| 1:35 | Create | Villager (Male) |
| 1:35 | Create | Villager (Male) |
| 1:59 | Create | Villager (Male) |
| 2:10 | Build | Lumber Camp |
| 2:22 | Create | Villager (Male) |
| 2:27 | Create | Villager (Male) |
| 3:14 | Create | Villager (Male) |
| 3:14 | Create | Villager (Male) |
| 3:35 | Build | House |
| 4:02 | Build | House |
| 4:06 | Create | Villager (Male) |
| 4:07 | Create | Villager (Male) |
| 4:07 | Create | Villager (Male) |
| 4:16 | Build | House |
| 4:59 | Build | Palisade Gate |
| 5:11 | Create | Villager (Male) |
| 5:11 | Create | Villager (Male) |
| 5:11 | Create | Villager (Male) |
| 5:12 | Create | Villager (Male) |
| 5:30 | Build | Palisade Wall |
| 5:58 | Build | Mining Camp |
| 6:08 | Create | Villager (Male) |
| 6:08 | Create | Villager (Male) |
| 6:08 | Create | Villager (Male) |
| 6:30 | Build | Palisade Wall |
| 6:52 | Build | Mill |
| 7:31 | Create | Villager (Male) |
| 7:32 | Create | Villager (Male) |
| 7:33 | Research | Loom |
| 7:45 | Build | Farm |
| 8:19 | Research | Feudal Age |
| 10:28 | Create | Villager (Male) |
| 10:28 | Create | Villager (Male) |
| 10:41 | Age | Feudal Age |
| 10:43 | Build | Market |
| 10:46 | Build | Blacksmith |
| 10:49 | Build | House |
| 11:41 | Research | Castle Age |
| 11:46 | Build | Farm |
| 11:49 | Build | Farm |
| 12:12 | Build | Farm |
| 13:18 | Research | Double-Bit Axe |
| 13:41 | Build | House |
| 13:42 | Build | House |
| 13:43 | Build | House |
| 14:21 | Age | Castle Age |
| 14:27 | Build | Town Center |
| 14:35 | Create | Villager (Male) |
| 14:35 | Create | Villager (Male) |
| 14:37 | Create | Villager (Male) |
| 14:37 | Create | Villager (Male) |
| 15:00 | Build | House |
| 15:44 | Build | Town Center |
| 15:49 | Create | Villager (Male) |
| 15:49 | Create | Villager (Male) |
| 15:49 | Create | Villager (Male) |
| 16:41 | Create | Villager (Male) |
| 16:41 | Create | Villager (Male) |
| 16:41 | Create | Villager (Male) |
| 16:46 | Build | Barracks |
| 17:02 | Create | Villager (Male) |
| 17:10 | Build | Farm |
| 17:18 | Create | Villager (Male) |
| 17:18 | Create | Villager (Male) |
| 17:25 | Build | Farm |
| 17:26 | Build | Farm |
| 17:29 | Build | Farm |
| 17:30 | Build | Farm |
| 17:35 | Build | Stable |
| 17:40 | Create | Villager (Male) |
| 17:40 | Create | Villager (Male) |
| 17:56 | Create | Villager (Male) |
| 17:56 | Create | Villager (Male) |
| 18:04 | Build | Farm |
| 18:06 | Build | Farm |
| 18:07 | Build | Farm |
| 18:25 | Build | Palisade Gate |
| 18:30 | Create | Villager (Male) |
| 18:31 | Create | Villager (Male) |
| 18:46 | Build | Gate |
| 18:58 | Build | Monastery |
| 19:06 | Create | Knight ×3 |
| 19:11 | Create | Villager (Male) |
| 19:46 | Build | Gate |
| 19:54 | Create | Monk |
| 19:54 | Create | Monk |
| 20:36 | Create | Knight |
| 21:14 | Research | Forging |
| 22:18 | Create | Villager (Male) |
| 22:18 | Create | Villager (Male) |
| 22:18 | Create | Villager (Male) |
| 22:26 | Build | House |
| 22:28 | Build | Farm |
| 22:29 | Create | Villager (Male) |
| 22:29 | Create | Villager (Male) |
| 22:31 | Research | Scale Barding Armor |
| 22:46 | Build | Siege Workshop |
| 22:55 | Build | Siege Workshop |
| 22:56 | Create | Villager (Male) |
| 22:57 | Create | Villager (Male) |
| 23:01 | Build | Farm |
| 23:03 | Build | Farm |
| 23:06 | Build | Farm |
| 23:08 | Build | Farm |
| 23:11 | Create | Villager (Male) |
| 23:11 | Create | Villager (Male) |
| 23:11 | Create | Villager (Male) |
| 23:15 | Create | Villager (Male) |
| 23:15 | Create | Villager (Male) |
| 23:42 | Build | House |
| 23:44 | Build | House |
| 23:47 | Build | Palisade Wall |
Build order — ACI La Más Feudal
86 actions detected in the replay
| 0:01 | Create | Villager (Male) |
| 0:01 | Create | Villager (Male) |
| 0:03 | Build | House |
| 0:04 | Build | House |
| 0:16 | Create | Villager (Male) |
| 0:28 | Create | Villager (Male) |
| 0:28 | Create | Villager (Male) |
| 1:21 | Create | Villager (Male) |
| 1:56 | Create | Villager (Male) |
| 1:56 | Create | Villager (Male) |
| 2:16 | Build | Lumber Camp |
| 2:28 | Create | Villager (Male) |
| 2:29 | Create | Villager (Male) |
| 3:07 | Create | Villager (Male) |
| 3:07 | Create | Villager (Male) |
| 3:19 | Create | Villager (Male) |
| 3:19 | Create | Villager (Male) |
| 3:47 | Build | House |
| 3:58 | Create | Villager (Male) |
| 4:16 | Create | Villager (Male) |
| 4:19 | Build | House |
| 4:23 | Build | Palisade Wall |
| 4:29 | Create | Villager (Male) |
| 4:29 | Create | Villager (Male) |
| 5:00 | Create | Villager (Male) |
| 5:00 | Create | Villager (Male) |
| 5:48 | Build | Mill |
| 5:56 | Create | Villager (Male) |
| 5:56 | Create | Villager (Male) |
| 5:57 | Create | Villager (Male) |
| 5:57 | Create | Villager (Male) |
| 5:57 | Create | Villager (Male) |
| 6:34 | Build | House |
| 6:57 | Create | Villager (Male) |
| 7:44 | Build | Mining Camp |
| 7:45 | Create | Villager (Male) |
| 8:26 | Create | Villager (Male) |
| 8:30 | Build | Mining Camp |
| 8:47 | Research | Feudal Age |
| 10:11 | Create | Villager (Male) |
| 10:11 | Create | Villager (Male) |
| 11:01 | Age | Feudal Age |
| 11:15 | Build | Market |
| 11:20 | Build | Blacksmith |
| 11:32 | Create | Villager (Male) |
| 11:55 | Research | Loom |
| 13:13 | Research | Castle Age |
| 14:30 | Build | Palisade Gate |
| 14:41 | Build | House |
| 14:46 | Build | House |
| 14:53 | Research | Double-Bit Axe |
| 15:53 | Age | Castle Age |
| 16:01 | Build | Farm |
| 16:01 | Build | Farm |
| 16:08 | Create | Villager (Male) |
| 16:35 | Build | Castle |
| 16:54 | Build | Siege Workshop |
| 17:23 | Build | Mining Camp |
| 17:36 | Create | Villager (Male) |
| 17:45 | Create | Mangonel |
| 18:00 | Create | Unit 1949 |
| 18:00 | Create | Unit 1949 |
| 18:00 | Create | Unit 1949 |
| 18:10 | Build | Farm |
| 18:37 | Create | Unit 1949 |
| 19:00 | Create | Petard |
| 19:14 | Build | Farm |
| 19:14 | Build | Farm |
| 19:20 | Create | Petard |
| 19:34 | Build | Farm |
| 19:35 | Build | Farm |
| 19:35 | Build | Farm |
| 20:14 | Create | Petard |
| 20:24 | Create | Mangonel |
| 20:45 | Create | Villager (Male) |
| 20:45 | Create | Villager (Male) |
| 21:06 | Create | Unit 1949 |
| 21:17 | Create | Mangonel |
| 21:28 | Create | Unit 1949 |
| 22:43 | Create | Unit 1949 |
| 22:43 | Create | Unit 1949 |
| 22:43 | Create | Unit 1949 |
| 22:53 | Create | Mangonel |
| 23:14 | Create | Villager (Male) |
| 23:14 | Create | Villager (Male) |
| 23:42 | Build | House |
Build order — 洛阳一根棍
113 actions detected in the replay
| 0:01 | Create | Villager (Male) |
| 0:02 | Create | Villager (Male) |
| 0:02 | Create | Villager (Male) |
| 0:02 | Build | House |
| 0:04 | Build | House |
| 0:06 | Build | House |
| 0:48 | Create | Villager (Male) |
| 0:48 | Create | Villager (Male) |
| 1:36 | Create | Villager (Male) |
| 1:36 | Create | Villager (Male) |
| 1:36 | Create | Villager (Male) |
| 1:48 | Build | Lumber Camp |
| 2:13 | Create | Villager (Male) |
| 2:14 | Create | Villager (Male) |
| 2:14 | Create | Villager (Male) |
| 2:45 | Create | Villager (Male) |
| 2:45 | Create | Villager (Male) |
| 2:46 | Create | Villager (Male) |
| 2:46 | Create | Villager (Male) |
| 3:01 | Create | Villager (Male) |
| 3:12 | Create | Villager (Male) |
| 3:43 | Create | Villager (Male) |
| 4:07 | Create | Villager (Male) |
| 4:08 | Create | Villager (Male) |
| 4:15 | Build | House |
| 4:17 | Build | House |
| 4:19 | Build | House |
| 4:20 | Build | House |
| 4:26 | Build | House |
| 4:33 | Create | Villager (Male) |
| 4:34 | Create | Villager (Male) |
| 5:16 | Create | Villager (Male) |
| 5:17 | Create | Villager (Male) |
| 5:17 | Create | Villager (Male) |
| 5:17 | Create | Villager (Male) |
| 5:33 | Build | Mill |
| 6:11 | Research | Loom |
| 6:17 | Create | Villager (Male) |
| 6:17 | Create | Villager (Male) |
| 6:17 | Create | Villager (Male) |
| 6:18 | Create | Villager (Male) |
| 6:45 | Build | Palisade Wall |
| 6:48 | Build | Palisade Gate |
| 7:10 | Build | Mining Camp |
| 7:26 | Create | Villager (Male) |
| 8:03 | Create | Villager (Male) |
| 8:03 | Create | Villager (Male) |
| 9:00 | Create | Villager (Male) |
| 9:04 | Research | Feudal Age |
| 9:26 | Build | Barracks |
| 10:33 | Build | House |
| 10:34 | Build | House |
| 10:36 | Build | House |
| 11:16 | Age | Feudal Age |
| 11:19 | Build | House |
| 11:21 | Build | House |
| 11:22 | Build | House |
| 11:25 | Build | House |
| 11:29 | Create | Villager (Male) |
| 11:30 | Create | Villager (Male) |
| 13:14 | Build | Stable |
| 13:38 | Build | Blacksmith |
| 14:07 | Build | Farm |
| 14:08 | Build | Farm |
| 14:19 | Create | Villager (Male) |
| 14:52 | Research | Bloodlines |
| 14:52 | Create | Scout Cavalry |
| 14:53 | Create | Scout Cavalry |
| 14:53 | Create | Scout Cavalry |
| 14:53 | Create | Scout Cavalry |
| 14:53 | Create | Scout Cavalry |
| 14:54 | Create | Scout Cavalry |
| 14:54 | Create | Scout Cavalry |
| 14:54 | Create | Scout Cavalry |
| 15:58 | Build | Stable |
| 16:05 | Build | Farm |
| 16:06 | Build | Farm |
| 16:17 | Build | Farm |
| 16:33 | Create | Scout Cavalry |
| 16:33 | Create | Scout Cavalry |
| 16:33 | Create | Scout Cavalry |
| 16:37 | Build | Farm |
| 16:53 | Build | House |
| 16:55 | Build | House |
| 17:00 | Build | House |
| 17:02 | Build | House |
| 17:17 | Create | Scout Cavalry |
| 17:18 | Create | Scout Cavalry |
| 17:23 | Build | Farm |
| 17:47 | Create | Scout Cavalry |
| 17:48 | Create | Scout Cavalry |
| 18:34 | Create | Scout Cavalry |
| 18:40 | Build | Farm |
| 18:45 | Create | Villager (Male) |
| 19:14 | Create | Scout Cavalry |
| 19:15 | Create | Scout Cavalry |
| 19:41 | Build | Stone Wall |
| 19:46 | Build | Gate |
| 20:16 | Create | Scout Cavalry |
| 20:16 | Create | Scout Cavalry |
| 20:16 | Create | Scout Cavalry |
| 20:16 | Create | Scout Cavalry |
| 20:17 | Create | Scout Cavalry |
| 20:51 | Build | Farm |
| 21:15 | Build | House |
| 21:16 | Build | House |
| 21:39 | Create | Spearman |
| 21:39 | Create | Spearman |
| 21:39 | Create | Spearman |
| 21:59 | Create | Scout Cavalry |
| 22:00 | Create | Scout Cavalry |
| 22:00 | Create | Scout Cavalry |
| 22:00 | Create | Scout Cavalry |
Build order — PeterPan
First 150 of 162 actions detected
| 0:00 | Create | Villager (Male) |
| 0:01 | Create | Villager (Male) |
| 0:01 | Create | Villager (Male) |
| 0:02 | Build | House |
| 0:03 | Build | House |
| 0:24 | Create | Villager (Male) |
| 1:26 | Create | Villager (Male) |
| 1:47 | Build | Lumber Camp |
| 1:52 | Create | Villager (Male) |
| 2:23 | Create | Villager (Male) |
| 2:24 | Create | Villager (Male) |
| 2:24 | Create | Villager (Male) |
| 3:21 | Create | Villager (Male) |
| 3:21 | Create | Villager (Male) |
| 3:55 | Build | House |
| 4:00 | Create | Villager (Male) |
| 4:12 | Create | Villager (Male) |
| 4:28 | Build | Mill |
| 4:31 | Create | Villager (Male) |
| 5:06 | Create | Villager (Male) |
| 5:22 | Create | Villager (Male) |
| 6:11 | Create | Villager (Male) |
| 6:13 | Research | Loom |
| 6:25 | Build | Barracks |
| 7:16 | Research | Feudal Age |
| 7:27 | Build | House |
| 7:28 | Create | Militia |
| 7:29 | Create | Militia |
| 7:29 | Create | Militia |
| 8:00 | Build | Mining Camp |
| 8:05 | Build | Palisade Gate |
| 8:33 | Create | Militia |
| 8:41 | Create | Villager (Male) |
| 8:45 | Build | House |
| 9:26 | Age | Feudal Age |
| 9:28 | Build | Archery Range |
| 9:28 | Create | Villager (Male) |
| 9:33 | Research | Man-at-Arms (upgrade) |
| 9:49 | Create | Villager (Male) |
| 10:14 | Create | Villager (Male) |
| 10:23 | Create | Archer |
| 10:27 | Build | House |
| 10:42 | Create | Villager (Male) |
| 11:02 | Build | Archery Range |
| 11:03 | Create | Archer |
| 11:14 | Create | Villager (Male) |
| 11:25 | Create | Villager (Male) |
| 11:27 | Create | Archer |
| 11:27 | Create | Archer |
| 11:44 | Create | Villager (Male) |
| 12:03 | Build | House |
| 12:05 | Build | Blacksmith |
| 12:07 | Create | Archer |
| 12:29 | Create | Villager (Male) |
| 12:38 | Create | Archer |
| 12:38 | Create | Archer |
| 12:42 | Create | Villager (Male) |
| 12:51 | Build | Farm |
| 12:55 | Build | Farm |
| 13:04 | Create | Villager (Male) |
| 13:06 | Create | Archer |
| 13:07 | Create | Archer |
| 13:34 | Create | Villager (Male) |
| 13:36 | Create | Archer |
| 13:40 | Create | Spearman |
| 13:45 | Build | House |
| 13:48 | Create | Archer |
| 13:49 | Create | Spearman |
| 13:58 | Create | Archer |
| 14:17 | Research | Double-Bit Axe |
| 14:20 | Build | House |
| 14:21 | Create | Archer |
| 14:33 | Build | Farm |
| 14:38 | Create | Archer |
| 14:42 | Create | Villager (Male) |
| 14:57 | Build | House |
| 15:05 | Create | Villager (Male) |
| 15:14 | Create | Villager (Male) |
| 15:15 | Create | Archer |
| 15:24 | Create | Villager (Male) |
| 15:38 | Create | Villager (Male) |
| 15:39 | Create | Archer |
| 15:39 | Create | Archer |
| 15:47 | Build | Farm |
| 15:54 | Build | House |
| 15:55 | Create | Archer |
| 15:55 | Create | Archer |
| 16:04 | Create | Villager (Male) |
| 16:06 | Build | Farm |
| 16:11 | Build | Farm |
| 16:17 | Create | Villager (Male) |
| 16:23 | Create | Archer |
| 16:23 | Create | Archer |
| 16:44 | Create | Villager (Male) |
| 16:47 | Create | Archer |
| 16:51 | Build | House |
| 16:53 | Build | Palisade Gate |
| 16:59 | Create | Villager (Male) |
| 17:13 | Create | Archer |
| 17:13 | Create | Archer |
| 17:22 | Create | Spearman |
| 17:23 | Create | Archer |
| 17:23 | Create | Archer |
| 17:47 | Research | Fletching |
| 17:48 | Create | Villager (Male) |
| 18:06 | Build | House |
| 18:08 | Create | Archer |
| 18:10 | Create | Villager (Male) |
| 18:14 | Build | Lumber Camp |
| 18:22 | Create | Spearman |
| 18:31 | Create | Archer |
| 18:34 | Build | Farm |
| 18:36 | Build | Farm |
| 18:37 | Build | Farm |
| 18:39 | Build | Farm |
| 18:40 | Build | Farm |
| 18:47 | Build | House |
| 18:50 | Create | Archer |
| 18:53 | Create | Villager (Male) |
| 19:08 | Create | Villager (Male) |
| 19:35 | Build | Farm |
| 19:36 | Build | Farm |
| 19:37 | Create | Villager (Male) |
| 19:40 | Build | Market |
| 19:47 | Create | Spearman |
| 19:56 | Research | Scale Mail Armor |
| 20:05 | Create | Spearman |
| 20:05 | Create | Spearman |
| 20:10 | Create | Villager (Male) |
| 20:12 | Create | Archer |
| 20:12 | Create | Archer |
| 20:21 | Create | Archer |
| 20:22 | Create | Villager (Male) |
| 20:32 | Create | Archer |
| 20:37 | Create | Archer |
| 20:41 | Build | Farm |
| 20:43 | Build | Farm |
| 20:46 | Build | Farm |
| 20:53 | Research | Wheelbarrow |
| 20:59 | Create | Militia |
| 20:59 | Create | Militia |
| 21:06 | Build | House |
| 21:11 | Build | Mill |
| 21:12 | Build | Farm |
| 21:12 | Build | Farm |
| 21:12 | Build | Farm |
| 21:13 | Build | Farm |
| 21:13 | Build | Farm |
| 21:13 | Build | Farm |
| 21:14 | Build | Farm |
Build order — NoSleep
First 150 of 187 actions detected
| 0:02 | Create | Villager (Male) |
| 0:04 | Build | House |
| 0:07 | Build | House |
| 0:08 | Build | House |
| 0:09 | Build | House |
| 0:11 | Create | Villager (Male) |
| 0:12 | Create | Villager (Male) |
| 0:25 | Create | Villager (Male) |
| 0:44 | Build | House |
| 0:45 | Build | House |
| 1:35 | Create | Villager (Male) |
| 1:59 | Create | Villager (Male) |
| 2:02 | Build | Lumber Camp |
| 2:32 | Create | Villager (Male) |
| 2:52 | Create | Villager (Male) |
| 3:27 | Create | Villager (Male) |
| 3:28 | Create | Villager (Male) |
| 3:54 | Create | Villager (Male) |
| 3:55 | Create | Villager (Male) |
| 4:27 | Create | Villager (Male) |
| 4:48 | Create | Villager (Male) |
| 4:49 | Create | Villager (Male) |
| 5:39 | Create | Villager (Male) |
| 5:41 | Create | Villager (Male) |
| 6:13 | Build | Mill |
| 6:53 | Research | Feudal Age |
| 7:26 | Create | Villager (Male) |
| 7:27 | Create | Villager (Male) |
| 8:50 | Build | House |
| 8:51 | Build | House |
| 9:03 | Age | Feudal Age |
| 9:09 | Build | Town Center |
| 9:12 | Create | Villager (Male) |
| 9:16 | Research | Double-Bit Axe |
| 9:27 | Create | Villager (Male) |
| 9:41 | Build | Palisade Wall |
| 9:46 | Build | Palisade Gate |
| 9:50 | Build | House |
| 9:55 | Create | Villager (Male) |
| 10:24 | Create | Villager (Male) |
| 10:37 | Create | Villager (Male) |
| 10:50 | Create | Villager (Male) |
| 10:51 | Create | Villager (Male) |
| 11:02 | Create | Villager (Male) |
| 11:16 | Build | House |
| 11:16 | Build | House |
| 11:17 | Build | House |
| 11:18 | Build | House |
| 11:19 | Build | House |
| 11:21 | Create | Villager (Male) |
| 12:05 | Build | Mill |
| 12:08 | Create | Villager (Male) |
| 12:08 | Create | Villager (Male) |
| 12:09 | Create | Villager (Male) |
| 12:12 | Research | Horse Collar |
| 12:37 | Research | Loom |
| 12:38 | Create | Villager (Male) |
| 12:55 | Build | Farm |
| 12:56 | Build | Farm |
| 12:58 | Build | Farm |
| 12:59 | Build | Farm |
| 13:01 | Create | Villager (Male) |
| 13:02 | Create | Villager (Male) |
| 13:13 | Build | Lumber Camp |
| 13:15 | Create | Villager (Male) |
| 13:33 | Create | Villager (Male) |
| 13:46 | Build | House |
| 13:46 | Create | Villager (Male) |
| 13:57 | Build | Farm |
| 14:02 | Create | Villager (Male) |
| 14:16 | Build | Farm |
| 14:23 | Build | Barracks |
| 14:25 | Create | Villager (Male) |
| 14:31 | Create | Villager (Male) |
| 14:33 | Create | Villager (Male) |
| 15:04 | Create | Villager (Male) |
| 15:05 | Create | Villager (Male) |
| 15:23 | Build | Stable |
| 15:25 | Build | Blacksmith |
| 15:27 | Create | Villager (Male) |
| 15:31 | Build | Farm |
| 15:32 | Build | Farm |
| 15:33 | Build | Farm |
| 15:38 | Build | Farm |
| 15:42 | Create | Villager (Male) |
| 15:53 | Build | Farm |
| 15:55 | Build | Lumber Camp |
| 15:58 | Create | Villager (Male) |
| 15:59 | Create | Villager (Male) |
| 16:00 | Create | Villager (Male) |
| 16:05 | Build | Lumber Camp |
| 16:09 | Create | Villager (Male) |
| 16:17 | Build | Farm |
| 16:18 | Create | Villager (Male) |
| 16:25 | Create | Villager (Male) |
| 16:39 | Create | Villager (Male) |
| 16:42 | Build | Farm |
| 16:54 | Build | Stable |
| 16:57 | Create | Villager (Male) |
| 17:13 | Create | Villager (Male) |
| 17:28 | Create | Villager (Male) |
| 17:32 | Build | Farm |
| 17:33 | Build | Farm |
| 17:34 | Build | Farm |
| 17:35 | Build | Farm |
| 17:37 | Build | Farm |
| 17:44 | Create | Villager (Male) |
| 17:47 | Build | Farm |
| 17:48 | Build | Farm |
| 17:49 | Build | Farm |
| 17:51 | Create | Villager (Male) |
| 17:54 | Create | Villager (Male) |
| 18:02 | Build | Stable |
| 18:04 | Build | Stable |
| 18:06 | Create | Villager (Male) |
| 18:12 | Create | Villager (Male) |
| 18:22 | Build | Mining Camp |
| 18:25 | Create | Villager (Male) |
| 18:36 | Create | Villager (Male) |
| 18:46 | Build | Farm |
| 18:48 | Build | Farm |
| 18:50 | Create | Villager (Male) |
| 19:03 | Research | Castle Age |
| 19:07 | Research | Gold Mining |
| 19:07 | Research | Gold Mining |
| 19:13 | Create | Villager (Male) |
| 19:24 | Build | Mill |
| 19:28 | Create | Villager (Male) |
| 19:32 | Research | Stone Mining |
| 19:45 | Research | Bloodlines |
| 19:51 | Build | Stable |
| 19:59 | Create | Villager (Male) |
| 20:12 | Build | House |
| 20:13 | Build | House |
| 20:21 | Build | Palisade Gate |
| 20:25 | Create | Villager (Male) |
| 20:41 | Build | Palisade Gate |
| 20:43 | Create | Villager (Male) |
| 20:46 | Research | Forging |
| 20:47 | Research | Scale Barding Armor |
| 20:49 | Create | Villager (Male) |
| 21:01 | Build | House |
| 21:02 | Build | House |
| 21:03 | Build | House |
| 21:06 | Create | Villager (Male) |
| 21:16 | Build | Palisade Gate |
| 21:24 | Build | Palisade Gate |
| 21:25 | Build | House |
| 21:26 | Build | House |
| 21:27 | Build | House |
Build order — Shintoras
143 actions detected in the replay
| 0:01 | Create | Villager (Male) |
| 0:01 | Create | Villager (Male) |
| 0:02 | Create | Villager (Male) |
| 0:02 | Build | House |
| 0:05 | Build | House |
| 0:36 | Create | Villager (Male) |
| 0:36 | Create | Villager (Male) |
| 0:36 | Create | Villager (Male) |
| 1:46 | Build | Lumber Camp |
| 1:49 | Create | Villager (Male) |
| 2:03 | Create | Villager (Male) |
| 2:43 | Create | Villager (Male) ×2 |
| 2:56 | Build | House |
| 3:21 | Create | Villager (Male) |
| 4:08 | Create | Villager (Male) |
| 4:26 | Build | Palisade Wall |
| 4:30 | Build | Palisade Gate |
| 4:41 | Build | House |
| 4:42 | Create | Villager (Male) ×3 |
| 4:50 | Build | House |
| 5:11 | Build | Mill |
| 5:40 | Create | Villager (Male) |
| 5:41 | Create | Villager (Male) |
| 5:41 | Create | Villager (Male) |
| 6:26 | Create | Villager (Male) |
| 6:26 | Create | Villager (Male) |
| 6:51 | Create | Villager (Male) |
| 6:51 | Create | Villager (Male) |
| 6:52 | Create | Villager (Male) |
| 7:59 | Create | Villager (Male) ×5 |
| 8:51 | Create | Villager (Male) |
| 9:02 | Build | Mining Camp |
| 9:09 | Research | Feudal Age |
| 9:25 | Build | Barracks |
| 9:53 | Build | House |
| 10:01 | Build | Farm |
| 10:11 | Build | Farm |
| 10:12 | Build | Farm |
| 10:13 | Build | Farm |
| 10:43 | Build | Farm |
| 10:55 | Research | Loom |
| 10:55 | Create | Villager (Male) |
| 11:32 | Age | Feudal Age |
| 11:35 | Build | Market |
| 12:02 | Build | Stable |
| 12:14 | Create | Villager (Male) |
| 12:19 | Build | Farm |
| 12:53 | Research | Castle Age |
| 12:53 | Research | Castle Age |
| 13:07 | Build | Farm |
| 13:10 | Build | Farm |
| 13:14 | Research | Double-Bit Axe |
| 13:14 | Research | Double-Bit Axe |
| 13:41 | Research | Horse Collar |
| 13:41 | Research | Horse Collar |
| 14:11 | Create | Spearman |
| 14:23 | Create | Villager (Male) |
| 14:23 | Create | Villager (Male) |
| 15:18 | Age | Castle Age |
| 15:24 | Build | Town Center |
| 15:30 | Research | Bow Saw |
| 15:30 | Research | Bow Saw |
| 16:02 | Create | Knight |
| 16:20 | Build | Town Center |
| 16:26 | Create | Villager (Male) ×3 |
| 16:38 | Create | Villager (Male) |
| 16:41 | Build | Farm |
| 16:42 | Build | Farm |
| 16:43 | Build | Farm |
| 16:49 | Build | Farm |
| 16:59 | Create | Villager (Male) |
| 17:32 | Create | Villager (Male) ×3 |
| 17:38 | Build | Farm |
| 17:39 | Build | Farm |
| 17:40 | Build | Farm |
| 17:42 | Build | Farm |
| 17:44 | Build | Farm |
| 17:53 | Build | Farm |
| 17:54 | Build | Farm |
| 18:21 | Build | Farm |
| 18:29 | Create | Villager (Male) ×5 |
| 18:34 | Create | Knight |
| 18:48 | Build | Blacksmith |
| 18:51 | Build | House |
| 18:54 | Create | Villager (Male) ×4 |
| 19:04 | Build | House |
| 19:08 | Create | Knight |
| 19:11 | Create | Villager (Male) ×2 |
| 19:20 | Build | Farm |
| 19:21 | Build | Farm |
| 19:52 | Build | Farm |
| 19:53 | Build | Farm |
| 19:57 | Build | Farm |
| 19:58 | Build | Farm |
| 20:00 | Create | Knight |
| 20:04 | Research | Scale Barding Armor |
| 20:04 | Research | Scale Barding Armor |
| 20:07 | Build | Farm |
| 20:14 | Create | Villager (Male) ×4 |
| 20:20 | Create | Knight |
| 20:25 | Build | Farm |
| 20:26 | Build | Farm |
| 20:30 | Create | Villager (Male) |
| 20:31 | Create | Villager (Male) |
| 20:36 | Create | Villager (Male) |
| 20:36 | Create | Villager (Male) |
| 20:43 | Build | House |
| 20:47 | Build | Lumber Camp |
| 20:56 | Build | Lumber Camp |
| 21:11 | Build | House |
| 21:11 | Build | House |
| 21:12 | Build | House |
| 21:13 | Build | House |
| 21:18 | Create | Knight |
| 21:36 | Create | Villager (Male) ×5 |
| 21:38 | Create | Villager (Male) |
| 21:46 | Create | Knight |
| 22:02 | Build | Farm |
| 22:04 | Build | Farm |
| 22:07 | Build | Farm |
| 22:13 | Build | Farm |
| 22:14 | Build | Farm |
| 22:19 | Research | Wheelbarrow |
| 22:23 | Research | Chain Barding Armor |
| 22:24 | Research | Chain Barding Armor |
| 22:44 | Create | Villager (Male) ×3 |
| 22:55 | Build | Farm |
| 22:56 | Build | Farm |
| 22:57 | Build | Farm |
| 23:04 | Research | Bloodlines |
| 23:04 | Research | Bloodlines |
| 23:19 | Create | Villager (Male) ×4 |
| 23:32 | Build | Mill |
| 23:38 | Build | Farm |
| 23:39 | Build | Farm |
| 23:40 | Build | Farm |
| 23:41 | Build | Farm |
| 23:42 | Build | Farm |
| 23:48 | Build | Farm |
| 23:49 | Build | Farm |
| 23:51 | Research | Forging |
| 24:00 | Create | Knight |
| 24:00 | Create | Knight |
Match timeline
| 4:23 | ACI La Más Feudal · wall_segment Palisade Wall x11 |
| 4:26 | Shintoras · wall_segment Palisade Wall x14 |
| 5:30 | 凱瑞Kary · wall_segment Palisade Wall x5 |
| 5:35 | 跟我玩过的都说我菜 · wall_segment Palisade Wall x5 |
| 6:25 | PeterPan · first_building Barracks |
| 6:30 | 凱瑞Kary · wall_segment Palisade Wall x1 |
| 6:45 | 洛阳一根棍 · wall_segment Palisade Wall x5 |
| 9:03 | NoSleep · age_up feudal |
| 9:22 | yo_ChuckDeezy · age_up feudal |
| 9:25 | Shintoras · first_building Barracks |
| 9:26 | PeterPan · age_up feudal |
| 9:26 | 洛阳一根棍 · first_building Barracks |
| 9:28 | PeterPan · first_building Archery Range |
| 9:41 | NoSleep · wall_segment Palisade Wall x4 |
| 10:14 | 跟我玩过的都说我菜 · first_building Barracks |
| 10:28 | 跟我玩过的都说我菜 · age_up feudal |
| 10:41 | 凱瑞Kary · age_up feudal |
| 11:01 | ACI La Más Feudal · age_up feudal |
| 11:16 | 洛阳一根棍 · age_up feudal |
| 11:17 | yo_ChuckDeezy · first_building Barracks |
| 11:28 | 跟我玩过的都说我菜 · first_building Archery Range |
| 11:32 | Shintoras · age_up feudal |
| 12:02 | Shintoras · first_building Stable |
| 12:27 | yo_ChuckDeezy · first_building Stable |
| 12:31 | Shintoras · first_market_sell 100 stone |
| 12:32 | Shintoras · first_market_buy 100 food |
| 13:12 | ACI La Más Feudal · first_market_sell 100 food |
| 13:14 | 洛阳一根棍 · first_building Stable |
| 13:52 | 跟我玩过的都说我菜 · wall_segment Palisade Wall x1 |
| 14:21 | 凱瑞Kary · age_up castle |
| 14:23 | NoSleep · first_building Barracks |
| 15:08 | 凱瑞Kary · first_market_buy 100 wood |
| 15:18 | Shintoras · age_up castle |
| 15:23 | NoSleep · first_building Stable |
| 15:53 | ACI La Más Feudal · age_up castle |
| 16:35 | ACI La Más Feudal · first_building Castle |
| 16:46 | 凱瑞Kary · first_building Barracks |
| 16:54 | ACI La Más Feudal · first_building Siege Workshop |
| 17:35 | 凱瑞Kary · first_building Stable |
| 17:35 | ACI La Más Feudal · first_market_buy 100 wood |
| 17:51 | 跟我玩过的都说我菜 · age_up castle |
| 18:58 | 凱瑞Kary · first_building Monastery |
| 19:41 | 洛阳一根棍 · wall_segment Stone Wall x6 |
| 21:43 | NoSleep · age_up castle |
| 22:25 | NoSleep · first_building Monastery |
| 22:46 | 凱瑞Kary · first_building Siege Workshop |
| 22:53 | 洛阳一根棍 · resign |
| 23:28 | PeterPan · first_market_buy 100 food |
| 23:47 | 凱瑞Kary · wall_segment Palisade Wall x1 |
[ AI ANALYSIS · 1 CREDIT ]
What really happened in this match?
Wolo.gg analyzes every decision: build order, eco, micro, common mistakes by bracket. Personalized analysis on WhatsApp or Discord in 30 seconds.
Civ guide
Cumans
Map guide
Glade
Perfil
Jugador #1680790